 Dungeon Crawl Stone Soup version 0.30-a0-12-gd8047c6341 (webtiles) character file.

Game seed: 699296389265167493

492 drpainis the Cleaver (level 7, 0/91 HPs)
             Began as a Hill Orc Berserker on Aug 24, 2022.
             Was an Elder of Trog.
             Killed by divine providence
             ... invoked by an orc priest
              (11 damage)
             ... on level 4 of the Dungeon.
             The game lasted 00:05:29 (3020 turns).

drpainis the Cleaver (Hill Orc Berserker)           Turns: 3020, Time: 00:05:30

Health: 0/91       AC: 19    Str: 22    XL:     7   Next: 14%
Magic:  0/7        EV:  8    Int:  7    God:    Trog [****..]
Gold:   288        SH:  0    Dex: 10    Spells: 6/6 levels left

rFire   . . .      SeeInvis .    u - +0 hand axe (venom)
rCold   + . .      Faith    .    (no shield)
rNeg    . . .      Spirit   +    p - +8 chain mail of the Armoured One {rC+ Slay+2}
rPois   .          Reflect  .    (no helmet)
rElec   .          Harm     .    (no cloak)
rCorr   .          Rampage  .    v - +0 pair of gloves
Will    ++...                    l - +0 pair of boots
Stlth   ..........               g - amulet of guardian spirit
HPRegen 1.25/turn                C - ring of flight
MPRegen 0.10/turn                (no ring)

@: berserking, strong-willed, flying, regenerating, very quick
A: no striking features
a: Renounce Religion, Convert to Beogh, Berserk, Trog's Hand, Brothers in Arms


You were on level 4 of the Dungeon.
You worshipped Trog.
Trog was greatly pleased with you.
You visited 1 branch of the dungeon, and saw 4 of its levels.
You also visited: Sewer.

You collected 288 gold pieces.

Inventory:

Hand Weapons
 a - a +0 hand axe
 u - a +0 hand axe of venom (weapon)
Missiles
 h - 2 throwing nets (quivered)
Armour
 b - a +0 animal skin
 l - a +0 pair of boots (worn)
 p - the +8 chain mail of the Armoured One (worn) {rC+ Slay+2}
   (You found it on level 2 of the Dungeon)

   Slay:      It affects your accuracy & damage with ranged weapons and melee
   (+2).
   rC:        It protects you from cold.
 v - a +0 pair of gloves (worn)
 B - the +0 robe of Magic {MP+9}
   (You found it on level 4 of the Dungeon)

   MP:        It affects your magic capacity (+9).
Jewellery
 g - an amulet of guardian spirit (around neck)
 C - a ring of flight (left hand)
Scrolls
 c - 2 scrolls of teleportation {unknown}
 d - a scroll of identify {unknown}
 f - a scroll of immolation {unknown}
 j - a scroll of torment {unknown}
 m - a scroll of vulnerability {unknown}
 n - 2 scrolls of noise {unknown}
 s - a scroll of fear {unknown}
 w - a scroll of summoning {unknown}
 y - a scroll of butterflies {unknown}
Potions
 e - 2 potions of magic {unknown}
 i - 4 potions of heal wounds {unknown}
 k - 2 potions of curing {unknown}
 o - a potion of brilliance {unknown}
 q - a potion of mutation {unknown}
 r - 3 potions of degeneration {unknown}
 t - 3 potions of invisibility {unknown}
 x - a potion of haste {unknown}
 z - 2 potions of might {unknown}
 A - a potion of flight {unknown}


   Skills:
 + Level 5.6 Fighting
 + Level 8.1 Axes
 + Level 3.3 Armour
 + Level 2.4 Dodging


You had 6 spell levels left.
You didn't know any spells.
Your spell library was empty.

Dungeon Overview and Level Annotations

Branches:
Dungeon (4/15)              Sewer (visited)
 Temple: D:4-7

Altars:


Message History

The orc priest barely misses you.
You barely miss the orc priest.
The orc priest is almost dead.
You closely miss the orc priest.
The orc priest shouts, "Join the one true god or die!"
The orc priest hits you with a +0 club.
* * * LOW HITPOINT WARNING * * *
The orc priest hits you with a +0 flail.
* * * LOW HITPOINT WARNING * * *
The orc priest threatens, "By the altar or by the axe, you will meet Beogh!"
You barely miss the orc priest.
The orc priest shouts, "Beogh is our master!
Accept the truth or die!"
The orc priest is almost dead.
The orc priest shouts, "Join the one true god or die!"
You hit the orc priest.
The orc priest is poisoned.
You hit the orc priest.
You kill the orc priest!
Trog accepts your kill.
The orc priest shouts, "Surrender to Beogh and we'll let you live!"
You hit the orc priest. The orc priest closely misses you.
Your Axes skill increases to level 8!
Unknown command.
You closely miss the orc priest.
The orc priest threatens, "By the altar or by the axe, you will meet Beogh!"
You barely miss the orc priest.
The orc priest mumbles some strange prayers to Beogh against you.
Beogh smites you!
* * * LOW HITPOINT WARNING * * *
The orc priest hits you but does no damage.
You hit the orc priest.
The orc priest is poisoned.
The orc priest is moderately wounded.
You barely miss the orc priest.
The orc priest shouts, "Surrender to Beogh and we'll let you live!"
Unknown command.
You barely miss the orc priest.
The orc priest is moderately wounded.
You barely miss the orc priest. The orc priest closely misses you.
The orc priest calls down the wrath of Beogh upon you.
Beogh smites you!
You die...

.. ..# .. #.#
##.##.########
...#.##.....#
#..#.##.....########
#..#.##.........)...
#.##.o#.##)....#####...
#....o@.)......##..##..
.........))######....#..
....##....## #..#J#..
.#. #.#.## #..##.#..
...#.# #..#$.#.. #####.#
#..####). #+# #..# ....#
....##


You could see 2 orc priests.

Vanquished Creatures
  A scorpion (D:4)
  3 orc priests
  3 orc wizards (D:3)
  9 adders
  5 river rats (Sewer)
  2 worms
  4 dart slugs
  13 orcs
  12 ball pythons
  8 bats
  3 endoplasms
  3 giant cockroaches (D:3)
  3 goblins
  5 hobgoblins
  3 jackals (D:2)
  20 kobolds
  5 frilled lizards
  38 rats
140 creatures vanquished.

Notes
Turn   | Place    | Note
-------+----------+-------------------------------------------
     0 | D:1      | drpainis the Hill Orc Berserker began the quest for the
                  | Orb.
     0 | D:1      | Reached XP level 1. HP: 19/19 MP: 1/1
   306 | D:1      | Reached XP level 2. HP: 27/27 MP: 2/2
   815 | D:2      | Reached XP level 3. HP: 26/34 MP: 1/3
  1013 | D:2      | Identified the +8 chain mail of the Armoured One {rC+
                  | Slay+2}
  1051 | D:2      | Reached ** piety under Trog
  1203 | D:2      | Reached skill level 5 in Axes
  1498 | D:3      | Reached XP level 4. HP: 41/41 MP: 4/4
  1774 | D:3      | Reached skill level 5 in Fighting
  1776 | D:3      | Reached XP level 5. HP: 39/48 MP: 3/5
  1792 | D:3      | Reached skill level 6 in Axes
  1998 | D:3      | Reached XP level 6. HP: 56/56 MP: 6/6
  2011 | D:3      | Found a glowing drain.
  2017 | Sewer    | Entered a sewer
  2032 | Sewer    | Reached *** piety under Trog
  2034 | Sewer    | Reached skill level 7 in Axes
  2337 | Sewer    | Reached **** piety under Trog
  2856 | D:4      | Identified the +0 robe of Magic {MP+9}
  2983 | D:4      | Reached XP level 7. HP: 56/61 MP: 7/7
  3018 | D:4      | Reached skill level 8 in Axes
  3020 | D:4      | Killed from afar by an orc priest

Illustrated notes

Levels and vault maps discovered:
D:1:      saegor_arrival_simple_d, layout_basic
D:2:      layout_rooms, minmay_misc_feat_pillars
D:3:      layout_rooms, portal_sewer_entry_e
D:4:      layout_loops_corners, mainiacjoe_overflow_swirl, minmay_puff

Skill      XL: |  1  2  3  4  5  6  7 |
---------------+----------------------+-----
Fighting       | 4 5 |  5.6
Axes           | 5 6 7 8 |  8.1
Dodging        | 2 |  2.4
Armour         | 3 |  3.3

Action                   |  1- 3 |  4- 6 |  7- 9 || total
-------------------------+-------+-------+-------++-------
Melee: Hand axe          |    99 |   159 |    15 ||   273
       Punch             |     1 |     1 |       ||     2
Invok: Berserk           |     1 |       |     1 ||     2
       Trog's Hand       |       |       |     1 ||     1
Armor: Animal skin       |    18 |       |       ||    18
       Chain mail        |    51 |   194 |     3 ||   248
Dodge: Dodged            |    53 |   100 |     4 ||   157

Table legend: (Time is in decaauts)
 A = Elapsed time spent in this place.
 B = Non-inter-level travel time spent in this place.
 C = Inter-level travel time spent in this place.
 D = Time resting spent in this place.
 E = Time spent auto-exploring this place.
 F = Levels seen in this place.
 G = Mean time per level.
                   A        B        C        D        E       F      G
               +--------+--------+--------+--------+--------+-----+--------+
         Total |   3032 |   2947 |     85 |      0 |   1994 |   5 |  606.4 |
       Dungeon |   2564 |   2479 |     85 |      0 |   1701 |   4 |  641.0 |
         Sewer |    467 |    467 |      0 |      0 |    293 |   1 |  467.0 |
               +--------+--------+--------+--------+--------+-----+--------+

Top non-repeatable levels by time:
     D:3: 757 daAuts
     D:1: 746 daAuts
     D:2: 673 daAuts
   Sewer: 467 daAuts
     D:4: 387 daAuts
